 Dungeon Crawl Stone Soup version 0.19.4-10-g532645f (webtiles) character file.

2018 volk64 the Vandal (level 9, 0/70 HPs)
             Began as a Naga Warper on Feb 24, 2017.
             Was a Follower of Sif Muna.
             Slain by Felix's ghost (11 damage)
             ... on level 7 of the Dungeon.
             The game lasted 00:43:04 (6754 turns).

volk64 the Vandal (Naga Warper)                     Turns: 6754, Time: 00:43:05

Health: 0/70       AC: 10    Str: 15    XL:     9   Next: 23%
Magic:  14/14      EV: 14    Int: 15    God:    Sif Muna [*.....]
Gold:   297        SH:  4    Dex: 14    Spells: 4 memorised, 3 levels left

rFire  . . .     SeeInvis +     i - +3 spear (venom)
rCold  + . .     Gourm    .     b - +0 leather armour
rNeg   . . .     Faith    .     (no shield)
rPois  +         Spirit   .     B - +2 hat
rElec  +         Reflect  .     l - +1 cloak
rCorr  .         Harm     .     (no gloves)
MR     +....                    (no barding)
Stlth  ++........               (no amulet)
                                r - +4 ring of evasion
                                k - +3 ring of strength

@: very slightly contaminated, slowed, drained, invisible, very slow
A: large bone plates 1, molten scales 1, see invisible, agile 1, blink, cold
resistance 1, deformed body, frail 1, poison resistance, electricity resistance,
slowness 2, slow metabolism 1, spit poison 1, weak 1, AC +3
a: Spit Poison, Blink, Divine Energy, Renounce Religion


You were on level 7 of the Dungeon.
You worshipped Sif Muna.
Sif Muna was aware of your devotion.
You were not hungry.

You visited 1 branch of the dungeon, and saw 7 of its levels.

You collected 297 gold pieces.

Inventory:

Hand Weapons
 i - a +3 spear of venom (weapon)
 o - a +0 hunting sling
Missiles
 e - 5 tomahawks of dispersal
 p - 210 stones (quivered)
Armour
 b - a +0 leather armour (worn)
 l - a +1 cloak (worn)
 B - a +2 hat (worn)
Magical Staves
 x - a cursed staff of fire
Jewellery
 k - a +3 ring of strength (left hand)
 r - a +4 ring of evasion (right hand)
 s - a cursed ring of loudness
 A - an uncursed ring of poison resistance {unknown}
Wands
 h - a wand of random effects (23/48)
 y - a wand of disintegration (4/24)
Scrolls
 a - 2 scrolls of teleportation
 d - 3 scrolls of blinking
 j - a scroll of immolation
 q - 3 scrolls of remove curse
 w - 3 scrolls of enchant armour
 z - a scroll of fog
 C - a scroll of identify
Potions
 g - a potion of curing
 n - 2 potions of flight
 v - 3 potions of berserk rage
 D - a potion of cancellation {unknown}
Books
 c - a book of Spatial Translocations

   Spells                             Type                      Level
   a - Blink                          Translocation                2
   b - Shroud of Golubria             Charms/Translocation         2
   c - Lesser Beckoning               Translocation                3
   d - Portal Projectile              Translocation                3
   e - Teleport Other                 Translocation                3
   f - Passage of Golubria            Translocation                4
 u - a book of Conjurations

   Spells                             Type                      Level
   a - Magic Dart                     Conjuration                  1
   b - Searing Ray                    Conjuration                  2
   c - Dazzling Spray                 Conjuration/Hexes            3
   d - Fulminant Prism                Conjuration/Hexes            4
   e - Iskenderun's Mystic Blast      Conjuration                  4
   f - Iskenderun's Battlesphere      Conjuration/Charms           5
Comestibles
 f - 4 bread rations
 m - 3 chunks of flesh
 t - a slice of pizza


   Skills:
 + Level 4.1(3.1) Fighting
 + Level 4.1(3.2) Polearms
 + Level 4.7(3.9) Slings
 + Level 1.0(2.2) Throwing
 + Level 2.6(1.7) Armour
 + Level 3.2(2.2) Dodging
 + Level 2.4(1.5) Stealth
 + Level 3.3(2.4) Spellcasting
 * Level 2.0(1.1) Conjurations
 * Level 2.1(1.2) Hexes
 + Level 1.3(0.4) Charms
 + Level 4.0(3.0) Translocations
 - Level 3.7(2.7) Invocations
 - Level 3.0(2.0) Evocations


You had 3 spell levels left.
You knew the following spells:

 Your Spells              Type           Power        Failure   Level  Hunger
a - Blink                 Tloc           N/A          12%         2    ###....
b - Shroud of Golubria    Chrm/Tloc      #.........   21%         2    ###....
c - Portal Projectile     Tloc           ##....       24%         3    ###....
d - Fulminant Prism       Conj/Hex       #.........   99%         4    #####..


Dungeon Overview and Level Annotations

Branches:
Dungeon (7/15)             Temple (0/1) D:6

Altars:
Kikubaaqudgha
Okawaru
Qazlal
Sif Muna
Trog
Xom

Annotations:
D:7 Felix's ghost, novice DgFE


Innate Abilities, Weirdness & Mutations

You cannot wear boots.
Your serpentine skin is tough. (AC +3)
You have supernaturally acute eyesight. (SInv)
Armour fits poorly on your strangely shaped body.
Your system is resistant to poisons. (rPois)
You cover ground very slowly.
You have a slow metabolism.
You can spit poison.
You are partially covered in large bone plates. (SH +4)
You are partially covered in molten scales. (AC +2)
You are agile. (Dex +2)
You can translocate small distances at will.
Your flesh is cold resistant. (rC+)
You are frail. (-10% HP)
You are resistant to electric shocks. (rElec)
You are weak. (Str -2)


Message History

Aim: Felix's ghost, wielding a weapon of chaos (lightly damaged, chance to defeat MR: 44%) Felix's ghost is blasted.
Evoking this partially-identified wand wasted a few charges.
Felix's ghost misses you. Felix's ghost closely misses you.
You hit Felix's ghost.
Felix's ghost is moderately damaged.
Felix's ghost points at you and mumbles some strange words.
The flame tongue hits you!
* * * LOW HITPOINT WARNING * * *
You closely miss Felix's ghost.
Felix's ghost is moderately damaged.
Felix's ghost barely misses you.
You hit Felix's ghost.
Felix's ghost is moderately damaged.
Felix's ghost closely misses you. x2
You strike the helpless Felix's ghost from behind!
You hit Felix's ghost.
Felix's ghost is moderately damaged.
Felix's ghost hits you!
You die...

#.#.#.#..(.............
#.#.#.##......).##...##
#.#..................+
#.###.##..#####.#....#
##......W..# #.#....#
....###....# #.# ...+
.......W.#.### #.# ...#
.........#.#.# #.# ..+
......#......# #@# ...#
......##.##..###W#....#.
......+.................
......##.##..###..<#.##.
......##.##..###.#<#
......##.###.......#
......##.###.###.#.#
#............
#####.###.#.#.


You could see Felix's ghost.

Vanquished Creatures
  Eustachio (D:5)
  A water moccasin (D:6)
  An orc warrior (D:6)
  A sky beast (D:5)
  2 ice beasts (D:6)
  A necrophage (D:5)
  A centaur (D:5)
  2 bullfrogs (D:6)
  5 wights (D:6)
  A howler monkey (D:5)
  3 crimson imps
  A centaur zombie (D:6)
  A hound (D:6)
  5 jellies
  6 orc priests
  An orc wizard (D:6)
  An iguana (D:6)
  2 worker ants
  A hound zombie (D:5)
  4 gnolls (D:5)
  9 adders
  A shadow imp (D:6)
  2 adder skeletons
  7 worms
  A dart slug (D:1)
  6 leopard geckos
  14 orcs
  4 bats
  2 giant cockroaches
  9 hobgoblins
  12 jackals
  A quokka (D:5)
  3 ball pythons
  2 frilled lizards
  8 goblins
  A jackal skeleton (D:4)
  5 kobolds
  2 leopard gecko skeletons
  A quokka skeleton (D:5)
  5 rats (D:3)
136 creatures vanquished.

Notes
Turn   | Place    | Note
-------+----------+-------------------------------------------
     0 | D:1      | volk64 the Naga Warper began the quest for the Orb.
     0 | D:1      | Reached XP level 1. HP: 19/19 MP: 3/3
   104 | D:1      | Reached XP level 2. HP: 8/26 MP: 5/5
   396 | D:1      | Reached skill level 1 in Armour
   438 | D:1      | Learned a level 2 spell: Blink
   441 | D:1      | Learned a level 2 spell: Shroud of Golubria
   787 | D:2      | Reached XP level 3. HP: 26/32 MP: 6/6
  1149 | D:2      | Reached skill level 1 in Slings
  1149 | D:2      | Reached XP level 4. HP: 29/39 MP: 7/7
  1159 | D:2      | Learned a level 3 spell: Portal Projectile
  1208 | D:2      | Gained mutation: You are frail. (-10% HP) [potion of mutation]
  1208 | D:2      | Gained mutation: You possess an exceptional clarity of mind. [potion of mutation]
  1217 | D:2      | Found a deep blue altar of Sif Muna.
  1223 | D:2      | Became a worshipper of Sif Muna the Loreminder
  1814 | D:3      | Noticed a moth of wrath
  1817 | D:3      | Found a bloodstained altar of Trog.
  2244 | D:3      | Reached XP level 5. HP: 39/40 MP: 0/9
  2812 | D:4      | Lost mutation: You are frail. (-10% HP) [potion of cure mutation]
  2812 | D:4      | Lost mutation: You possess an exceptional clarity of mind. [potion of cure mutation]
  2861 | D:4      | Reached skill level 1 in Stealth
  2861 | D:4      | Reached XP level 6. HP: 12/55 MP: 1/10
  3095 | D:4      | Gained mutation: You are resistant to electric shocks. (rElec) [potion of mutation]
  3095 | D:4      | Gained mutation: You are agile. (Dex +2) [potion of mutation]
  3095 | D:4      | Gained mutation: You are partially covered in molten scales. (AC +2) [potion of mutation]
  3344 | D:4      | Reached skill level 1 in Charms
  3631 | D:4      | Found a shimmering altar of Xom.
  3633 | D:4      | Found a shadowy altar of Dithmenos.
  3633 | D:4      | Found a stormy altar of Qazlal.
  3635 | D:4      | Found an iron altar of Okawaru.
  3635 | D:4      | Found a deep blue altar of Sif Muna.
  3635 | D:4      | Found an ancient bone altar of Kikubaaqudgha.
  3666 | D:5      | Entered Level 5 of the Dungeon
  3708 | D:5      | Reached * piety under Sif Muna
  3741 | D:5      | Noticed Eustachio
  3762 | D:5      | Killed Eustachio
  3762 | D:5      | Reached skill level 1 in Invocations
  3762 | D:5      | Reached skill level 1 in Evocations
  3762 | D:5      | Reached XP level 7. HP: 54/62 MP: 11/11
  4190 | D:5      | Learned a level 4 spell: Fulminant Prism
  4378 | D:5      | Gained mutation: You are partially covered in large bone plates. (SH +4) [mutagenic meat]
  4379 | D:5      | Gained mutation: You can translocate small distances at will. [mutagenic meat]
  4380 | D:5      | Gained mutation: You are weak. (Str -2) [mutagenic meat]
  4381 | D:5      | Gained mutation: You are frail. (-10% HP) [mutagenic meat]
  4382 | D:5      | Gained mutation: Your flesh is cold resistant. (rC+) [mutagenic meat]
  4410 | D:5      | Reached XP level 8. HP: 59/62 MP: 12/12
  4419 | D:5      | Found a faded altar of an unknown god.
  4419 | D:5      | Found a faded altar of an unknown god.
  4424 | D:5      | Found a faded altar of an unknown god.
  4426 | D:5      | Found a deep blue altar of Sif Muna.
  4428 | D:5      | Found a faded altar of an unknown god.
  5151 | D:6      | Found a staircase to the Ecumenical Temple.
  5347 | D:6      | Reached skill level 1 in Throwing
  5455 | D:6      | Reached skill level 1 in Hexes
  5467 | D:6      | Reached skill level 1 in Conjurations
  5566 | D:6      | Reached XP level 9. HP: 40/70 MP: 13/13
  6046 | D:6      | HP: 2/70 [orc warrior/long sword (16)]
  6051 | D:6      | HP: 2/70 [orc warrior/long sword (1)]
  6724 | D:7      | Noticed Felix's ghost (novice DgFE)
  6754 | D:7      | Slain by Felix's ghost

Skill      XL: |  1  2  3  4  5  6  7  8  9 |
---------------+----------------------------+-----
Armour         | 1 2 |  2.6
Slings         | 1 2 3 4 |  4.7
Dodging        | 2 3 |  3.2
Polearms       | 3 4 |  4.1
Stealth        | 1 2 |  2.4
Charms         | 1 |  1.3
Spellcasting   | 3 |  3.3
Fighting       | 3 4 |  4.1
Invocations    | 1 2 3 |  3.7
Evocations     | 1 2 3 |  3.0
Throwing       | 1 |  1.0
Hexes          | 1 2 |  2.1
Conjurations   | 1 2 |  2.0
Translocations | 4 |  4.0

Action                   |  1- 3 |  4- 6 |  7- 9 || total
-------------------------+-------+-------+-------++-------
Melee: Spear             |    80 |   159 |   232 ||   471
 Fire: Hunting sling     |    36 |    60 |   201 ||   297
Throw: Stone             |       |     4 |    25 ||    29
 Cast: Shroud of Golubri |     2 |     7 |     7 ||    16
       Portal Projectile |       |    13 |    17 ||    30
       Blink             |       |     3 |       ||     3
 Abil: Spit Poison       |     3 |     4 |     9 ||    16
Evoke: Wand              |       |       |     2 ||     2
  Use: Scroll            |     3 |     6 |     4 ||    13
       Potion            |       |     8 |     5 ||    13
 Stab: Invisible         |       |       |     1 ||     1
  Eat: Chunk             |     1 |    10 |    17 ||    28
Armor: Leather armour    |    13 |    62 |   115 ||   190
Dodge: Dodged            |    29 |    75 |   272 ||   376
Block: Other             |       |       |    54 ||    54
